 Dungeon Crawl Stone Soup version 0.31-a0-978-g1e14348 (webtiles) character file.

Game seed: 9590521886210843136

457557 Unit8069 the Ruinous (level 23, -19/150 HPs)
             Began as a Demonspawn Venom Mage on Oct 30, 2023.
             Was an Initiate of Gozag.
             Demolished by a golden dragon (34 damage)
             ... on level 5 of the Vaults.
             The game lasted 01:49:25 (73142 turns).

Unit8069 the Ruinous (Demonspawn Venom Mage)       Turns: 73142, Time: 01:49:25

Health: -19/150    AC:  7    Str: 15    XL:     23   Next: 1%
Magic:  37/42      EV: 13    Int: 38    God:    Gozag
Gold:   612        SH:  0    Dex: 24    Spells: 29/63 levels left

rFire   + . .        k - staff of air
rCold   + . .        (no shield)
rNeg    + + .        f - +1 robe {Will+}
rPois   +            h - +1 hat of Hospitality {rC+ Str+3 Stlth+}
rElec   +            F - +1 cloak
rCorr   .            (gloves unavailable)
SInv    .            Q - +1 pair of boots of Refuge {rN+ Dex+2}
Will    ++...        Z - amulet of magic regeneration
Stlth   +++++++      e - ring "Kolu" {+Blink rN+ Str+3 Int+6}
HPRegen 0.45/turn    Y - ring of the Queen {*Slow rPois rF+ Int+7 Stlth+}
MPRegen 0.68/turn

%: slow self (1%)
@: mighty, brilliant, gold aura, hasted, studying 2 skills, very quick
A: claws 3, thin skeletal structure 3, icemail 1, powered by pain 3,
augmentation 1, condensation shield, deformed body, low MP 1
}: 3/15 runes: decaying, serpentine, slimy
a: Renounce Religion, Evoke Blink, Potion Petition, Call Merchant, Bribe Branch


You were on level 5 of the Vaults.
You worshipped Gozag.
Gozag was pleased with you.
You visited 9 branches of the dungeon, and saw 43 of its levels.

You collected 20141 gold pieces.
You spent 5785 gold pieces at shops.
You paid 13744 gold pieces to Gozag.

Inventory:

Hand Weapons
 r - the +10 rapier of Rualitaf {heavy, rF+ rN+ Will+}
   (You took it off a deep elf zephyrmancer on level 3 of the Elven Halls)

   rF+:       It protects you from fire.
   rN+:       It protects you from negative energy.
   Will+:     It increases your willpower.
Missiles
 z - 3 throwing nets
 M - 31 curare-tipped darts
Armour
 f - a +1 robe of willpower (worn)
 h - the +1 hat of Hospitality (worn) {rC+ Str+3 Stlth+}
   (You found it on level 3 of the Vaults)

   Str+3:     It affects your strength (+3).
   rC+:       It protects you from cold.
   Stlth+:    It makes you more stealthy.
 F - a +1 cloak (worn)
 Q - the +1 pair of boots of Refuge (worn) {rN+ Dex+2}
   (You bought it in a shop on level 1 of the Elven Halls)

   Dex+2:     It affects your dexterity (+2).
   rN+:       It protects you from negative energy.
 V - a +3 troll leather armour
 X - a +1 hat of willpower
Magical Staves
 k - a staff of air (weapon)
 C - a staff of poison
Jewellery
 e - the ring "Kolu" (left claw) {+Blink rN+ Str+3 Int+6}
   (You bought it in a shop on level 1 of the Swamp)

   [ring of intelligence]

   Str+3:     It affects your strength (+3).
   Int+6:     It affects your intelligence (+6).
   rN+:       It protects you from negative energy.
   +Blink:    It lets you blink.
 m - the ring "Jitullij" {rF+ rN+ Dex+4}
   (You bought it in a shop on level 11 of the Dungeon)

   [ring of positive energy]

   Dex+4:     It affects your dexterity (+4).
   rF+:       It protects you from fire.
   rN+:       It protects you from negative energy.
 t - the ring "Tecadgh" {Will- MP+9 Int+6 Dex-3 SInv}
   (You found it on level 3 of the Vaults)

   [ring of magical power]

   Int+6:     It affects your intelligence (+6).
   Dex-3:     It affects your dexterity (-3).
   Will-:     It decreases your willpower.
   MP+9:      It affects your magic capacity (+9).
   SInv:      It lets you see invisible.
 y - an amulet of regeneration
 G - a ring of flight
 Y - the ring of the Queen (right claw) {*Slow rPois rF+ Int+7 Stlth+}
   (You bought it in a shop on level 11 of the Dungeon)

   [ring of protection from fire]

   Int+7:     It affects your intelligence (+7).
   rF+:       It protects you from fire.
   rPois:     It protects you from poison *Slow: It may slow you when you take
   damage.
   Stlth+:    It makes you more stealthy.
 Z - an amulet of magic regeneration (around neck)
Wands
 g - a wand of iceblast (26)
 n - a wand of polymorph (18)
 o - a wand of light (28)
 s - a wand of flame (39)
 u - a wand of paralysis (42)
 x - a wand of digging (3)
 U - a wand of mindburst (13)
Scrolls
 i - 4 scrolls of teleportation
 p - a scroll of poison
 q - 3 scrolls of fear
 D - 9 scrolls of vulnerability
 E - 3 scrolls of torment
 J - 3 scrolls of silence
 O - 4 scrolls of revelation
 S - 5 scrolls of immolation
Potions
 a - 6 potions of enlightenment
 c - 2 potions of heal wounds
 j - 4 potions of might
 l - 9 potions of curing
 v - 7 potions of lignification
 B - 2 potions of mutation
 K - 2 potions of cancellation
 L - 2 potions of resistance
 N - 5 potions of berserk rage
 R - 2 potions of attraction
Miscellaneous
 P - a tin of tremorstones (2/2)
 W - a phantom mirror (inert)


   Skills:
 - Level 5.0 Fighting
 - Level 4.0 Armour
 - Level 1.7 Dodging
 - Level 1.7 Stealth
 - Level 20.7 Spellcasting
 + Level 24.2 Conjurations
 - Level 0.8 Transmutations
 - Level 6.0 Fire Magic
 + Level 22.8 Air Magic
 - Level 5.5 Poison Magic


You had 29 spell levels left.
You knew the following spells:

 Your Spells              Type           Power      Damage    Failure   Level
a - Sting                 Tmut/Pois      100%       1d8       1%          1
b - Olgreb's Toxic Radia  Pois           88%        N/A       1%          4
c - Irradiate             Conj/Tmut      58%        3d31      1%          5
d - Plasma Beam           Fire/Air       73%        2x1d90    1%          6
e - Starburst             Conj/Fire      62%        6d16      1%          6
f - Ignite Poison         Fire/Tmut/Pois 82%        N/A       1%          3
g - Chain Lightning       Conj/Air       85%        3d114     4%          9

Your spell library contained the following spells:

 Spells                   Type           Power      Damage    Failure   Level
 Foxfire                  Conj/Fire      100%       2x1d9     0%          1
 Kiss of Death            Conj/Necr      100%       2d13      0%          1
 Magic Dart               Conj           100%       1d8       0%          1
 Shock                    Conj/Air       100%       1d9       0%          1
 Momentum Strike          Conj/Tloc      100%       3d10      0%          2
 Poisonous Vapours        Pois/Air       100%       N/A       0%          2
 Static Discharge         Conj/Air       100%       3-8/arc   0%          2
 Mephitic Cloud           Conj/Pois/Air  100%       N/A       0%          3
 Stone Arrow              Conj/Erth      100%       3d13      0%          3
 Swiftness                Air            100%       N/A       0%          3
 Airstrike                Air            85%        2d(13-29) 0%          4
 Sticky Flame             Conj/Fire      100%       2d11      0%          4
 Arcjolt                  Conj/Air       85%        1d95      0%          5
 Apportation              Tloc           100%       N/A       1%          1
 Necrotise                Necr           100%       1d9       1%          1
 Blink                    Tloc           100%       N/A       1%          2
 Call Imp                 Summ           100%       N/A       1%          2
 Cigotuvi's Dreadful Rot  Necr/Pois/Air  100%       N/A       1%          2
 Ensorcelled Hibernation  Hex/Ice        100%       N/A       1%          2
 Jinxbite                 Hex            100%       N/A       1%          2
 Lesser Beckoning         Tloc           100%       N/A       1%          2
 Sublimation of Blood     Necr           56%        N/A       1%          2
 Confusing Touch          Hex            56%        N/A       1%          3
 Gell's Gravitas          Tloc           56%        N/A       1%          3
 Teleport Other           Tloc           56%        N/A       1%          3
 Tukima's Dance           Hex            56%        N/A       1%          3
 Vampiric Draining        Necr           56%        2d10      1%          3
 Summon Lightning Spire   Summ/Air       100%       N/A       1%          4
 Vhi's Electric Charge    Tloc/Air       100%       N/A       1%          4
 Freezing Cloud           Conj/Ice/Air   75%        6-21      1%          5
 Silence                  Hex/Air        68%        N/A       1%          5
 Bombard                  Conj/Erth      57%        9d9       1%          6
 Maxwell's Capacitive Co  Air            85%        ∞         1%          8
 Alistair's Intoxication  Tmut/Pois      50%        N/A       4%          5
 Petrify                  Tmut/Erth      59%        N/A       5%          4
 Anguish                  Hex/Necr       28%        N/A       7%          4
 Animate Armour           Summ/Erth      100%       N/A       7%          4
 Cause Fear               Hex            28%        N/A       7%          4
 Dispel Undead            Necr           56%        3d20      7%          4
 Leda's Liquefaction      Hex/Erth       28%        N/A       7%          4
 Passage of Golubria      Tloc           56%        N/A       7%          4
 Yara's Violent Unravell  Hex/Tmut       29%        3d12      16%         5
 Agony                    Necr           56%        N/A       19%         5
 Borgnjor's Vile Clutch   Necr/Erth      28%        N/A       19%         5
 Lee's Rapid Deconstruct  Erth           28%        3d15*     19%         5
 Eringya's Noxious Bog    Tmut/Pois      38%        4d6       28%         6
 Lehudib's Crystal Spear  Conj/Erth      57%        10d13     30%         8
 Fire Storm               Conj/Fire      62%        8d16      80%         9
 Ignition                 Fire           45%        3d13      98%         8
 Enfeeble                 Hex            28%        N/A       99%         7
 Malign Gateway           Summ/Tloc      28%        N/A       99%         7
 Summon Horrible Things   Summ           28%        N/A       100%        8


Dungeon Overview and Level Annotations

Branches:
Dungeon (14/15)            Temple (1/1) D:6            Lair (5/5) D:10
  Swamp (4/4) Lair:3        Snake (4/4) Lair:2        Slime (5/5) Lair:5
    Orc (2/2) D:11            Elf (3/3) Orc:2        Vaults (5/5) D:13
  Crypt (0/3) Vaults:3

Altars:
Ashenzari
Cheibriados
Dithmenos
Fedhas
Gozag
Hepliaklqana
Kikubaaqudgha
Makhleb
Okawaru
Qazlal
Ru
Sif Muna
Uskayaw
Vehumet
Xom
Yredelemnul
Jiyva

Shops:
D:11 ==   D:12 :   Orc:2 *:[![   Elf:1 [   Elf:2 (   Elf:3 [   Swamp:1 =
Snake:3 :   Vaults:1 :   Vaults:2 [   Vaults:3 *   Vaults:4 =

Portals:
Pandemonium: Orc:2

Annotations:
D:9 3 runed translucent doors, Kave's ghost, novice TrSh
D:10 2 runed translucent doors
Elf:2 8 runed translucent doors, Shifty's ghost, adept VSFi


Innate Abilities, Weirdness & Mutations

You have claws for hands.
You have an unnaturally thin skeletal structure. (Dex +6, Stealth+++)
A meltable icy envelope protects you from harm. (AC +0)
You are powered by pain.
Your magical and physical power is slightly enhanced at high health.
A meltable shield of frost defends you. (SH +0)
Armour fits poorly on your strangely shaped body.
Your magical capacity is low. (-10% MP)


Message History

The bolt of fire hits you!! You resist.
* * * LOW HITPOINT WARNING * * *
You feel much better. The golden dragon bites you!
* * * LOW HITPOINT WARNING * * *
The golden dragon claws you!
* * * LOW HITPOINT WARNING * * *
The golden dragon barely misses you.
Unknown command.
Unknown command.
Unknown command.
Unknown command.
You feel much better.
Unknown command.
Unknown command.
Unknown command.
Unknown command.
Unknown command.
Unknown command.
Casting: Chain Lightning (dangerous; 4% risk of failure)
Confirm with . or Enter, or press ? or * to list all spells.
Okay, then.
Casting: Chain Lightning (dangerous; 4% risk of failure)
Confirm with . or Enter, or press ? or * to list all spells.
You feel a strong surge of power! Lightning arcs from your claws!
The bolt of lightning hits the fire giant!!!!
The fire giant is almost dead.
The bolt of lightning hits the fire giant!!!!
You kill the fire giant!
The bolt of lightning hits you!! You resist.
* * * LOW HITPOINT WARNING * * *
The bolt of lightning hits the storm dragon!!!
The storm dragon resists.
The storm dragon is heavily wounded.
The bolt of lightning hits the golden dragon!!!
The golden dragon resists.
The golden dragon is severely wounded.
You hear a shout! x4
The golden dragon bites you!!
You die...
Your body crumbles into a pile of gold.

........$.(..$.... #
## #####..$$$$..###
|###.###)#....$$.....
..#...#..$#.#D...#....
.#.#.#.#$#$##....#$..C
#...#...#.$[#....# ..
.#.#.#.#.#.##...D#
..#...#...###..C$#
.#C#.#.#D#.##...@#
#...#...#..|#..D.#
.#.#.#.#.#^##....#
..#...#...###....#
.#.#.#.#.#.##....#
#...#...#...#....#
.#.#.#.#.#. #....#
..#...#... #....#
.#.#.#.#.


You could see 2 golden dragons, a storm dragon and a fire giant.

Vanquished Creatures
  the Royal Jelly (Slime:5)
  An ancient lich (Vaults:3)
  The ghost of Feqol the Slayer, a veteran DsFi of Nemelex Xobeh (Vaults:3)
  Saint Roka (Vaults:1)
  The ghost of Jachav the Sorcerer, a veteran DECj of Vehumet (Vaults:3)
  A golden dragon (Vaults:5)
  The ghost of Kauz the Executioner, an adept HOBr of Beogh (Vaults:3)
  Jorgrun (Orc:1)
  A tentacled monstrosity (Vaults:5)
  Mlioglotl (Swamp:2)
  A lich (Vaults:3)
  Asterion (Vaults:3)
  2 titans
  Frances (Swamp:1)
  2 deep elf blademasters (Elf:3)
  4 sphinxes
  3 deep elf master archers (Elf:3)
  29 acid blobs
  Agnes (Snake:2)
  2 storm dragons (Vaults:5)
  7 tengu reavers
  A thorn hunter (Swamp:2)
  6 nagarajas (Snake:4)
  14 azure jellies
  5 fire giants
  A fenstrider witch (Swamp:3)
  10 rockslimes
  6 deep elf elementalists
  8 deep elf sorcerers (Elf:3)
  17 vault wardens
  2 ghouls (Swamp:4)
  20 ironbound preservers
  4 war gargoyles
  6 orc warlords
  8 quicksilver oozes
  7 ironbound thunderhulks
  4 very ugly things (Vaults:5)
  2 stone giants
  6 formless jellyfish
  2 deep elf demonologists
  7 eleionomae
  15 dire elephants
  7 bunyips
  The ghost of Ehoukk the Eclecticist, a journeyman DjFE of Jiyva (D:13)
  10 deep elf annihilators
  2 deep elf death magi
  2 crystal guardians (Vaults:3)
  10 yaktaur captains
  4 ettins
  A fire dragon (D:12)
  A shambling mangrove (Swamp:4)
  5 deep elf high priests (Elf:3)
  Fannar (D:10)
  39 vault guards
  3 demonspawn (Orc:2)
  4 salamander tyrants
  10 great orbs of eyes
  An ogre mage (Vaults:5)
  4 peacekeepers
  A spriggan air mage (Swamp:2)
  4 ghost crabs
  24 hydras
  16 anacondas
  10 alligators
  8 ironbound frosthearts
  Erica (Orc:1)
  2 death knights (Vaults:3)
  An anaconda (shapeshifter) (Vaults:5)
  12 centaur warriors
  16 dancing weapons
  8 boulder beetles
  A deep troll earth mage (Vaults:5)
  7 two-headed ogres
  2 spriggan berserkers (Swamp:4)
  6 death yaks (Lair:5)
  16 naga warriors
  A tengu warrior (D:12)
  9 orc high priests
  Urug (D:10)
  A sun demon (Orc:2)
  17 deep elf knights
  24 naga sharpshooters
  A shadow wraith (Vaults:5)
  5 shock serpents
  4 salamander mystics
  A skeletal warrior (D:7)
  6 goliath frogs
  6 sea snakes (Snake:3)
  11 swamp dragons
  A sea snake (shapeshifter) (Vaults:5)
  50 deep trolls
  2 spriggan druids (Swamp:3)
  14 ironbound convokers
  A death drake (Swamp:1)
  A swamp dragon (shapeshifter) (Vaults:5)
  10 deep elf archers
  3 phantasmal warriors
  8 bog bodies
  3 lindwurms (Vaults:3)
  3 arcanists
  7 mana vipers
  7 naga ritualists
  10 orc knights
  6 harpies
  30 deep elf pyromancers
  21 deep elf zephyrmancers
  8 orc sorcerers
  4 necromancers
  A frost giant zombie (Vaults:3)
  4 ugly things
  3 manticores
  6 shining eyes
  3 will-o-the-wisps
  9 cyclopes
  Maurice (D:8)
  22 salamanders
  30 black mambas
  5 elephants (Lair:3)
  2 eyes of devastation
  24 naga magi
  3 guardian serpents
  A guardian serpent (shapeshifter) (D:12)
  19 vault sentinels
  A torpor snail (Lair:5)
  3 gargoyles (D:12)
  15 cane toads
  13 komodo dragons
  8 kobold demonologists
  A rime drake (Lair:3)
  3 unseen horrors
  21 yaktaurs
  A freezing wraith (Vaults:3)
  2 red devils (Orc:2)
  9 trolls
  A hellwing (Orc:2)
  2 polar bears (Lair:5)
  A bloated husk (Swamp:3)
  12 tyrant leeches
  2 glass eyes
  20 blink frogs
  7 hornets
  12 dream sheep (Lair:5)
  75 slime creatures
  Sigmund (D:4)
  4 air elementals
  A spriggan (Swamp:3)
  4 shadows
  4 water elementals
  4 wyverns
  2 centaur simulacra (D:12)
  A fire bat (shapeshifter) (Elf:1)
  An elf simulacrum (Vaults:3)
  49 yaks
  7 wraiths
  Eustachio (D:4)
  4 fire elementals
  A hog (shapeshifter) (Elf:3)
  6 basilisks
  5 golden eyes (Slime:1)
  A steam dragon (D:9)
  11 vampire mosquitoes
  A golden eye (shapeshifter) (Elf:3)
  5 wargs (Orc:2)
  Menkaure (D:4)
  47 nagas
  14 swamp worms
  An acid dragon (D:11)
  A glowing shapeshifter zombie (Vaults:3)
  14 water moccasins
  49 orc warriors
  10 swamp drakes
  2 sky beasts (D:7)
  An elephant zombie (Lair:3)
  11 ogres
  9 centaurs
  4 boggarts (Vaults:3)
  6 wolves
  2 phantoms
  10 kobold brigands
  A komodo dragon zombie (Lair:3)
  2 human skeletons (Vaults:3)
  15 bullfrogs
  4 gnoll sergeants
  A necrophage (Swamp:4)
  A scorpion (shapeshifter) (D:12)
  2 earth elementals
  2 scorpions (D:5)
  14 wights
  7 killer bees
  10 electric eels
  6 howler monkeys
  4 jellies
  2 basilisk zombies (Lair:3)
  A hound (D:5)
  34 orc priests
  A gnoll bouda (D:5)
  3 iguanas
  26 orc wizards
  2 sleepcaps
  2 hell rats (Lair:3)
  9 adders
  20 gnolls
  7 river rats (Lair:3)
  2 white imps
  2 ufetubi (D:6)
  A worm (D:5)
  2 dart slugs
  101 orcs
  9 ball pythons
  A bat zombie (D:3)
  16 endoplasms
  5 giant cockroaches
  4 goblins
  9 hobgoblins
  2 jackals (D:2)
  15 kobolds
  3 quokkas
  3 bats
  3 frilled lizards
  15 rats
1736 creatures vanquished.

Vanquished Creatures (others)
  4 foxfires (Swamp:3)
4 creatures vanquished.

Grand Total: 1740 creatures vanquished

Notes
Turn   | Place    | Note
-------+----------+-------------------------------------------
     0 | D:1      | Unit8069 the Demonspawn Venom Mage began the quest for the
                  | Orb.
     0 | D:1      | Reached XP level 1. HP: 13/13 MP: 3/3
    62 | D:1      | Reached skill level 1 in Fighting
    62 | D:1      | Gained mutation: You have sharp fingernails. [demonic
                  | ancestry]
    62 | D:1      | Reached XP level 2. HP: 8/21 MP: 0/5
   847 | D:1      | Gained mutation: You sometimes gain a little power by
                  | taking damage. [demonic ancestry]
   847 | D:1      | Reached XP level 3. HP: 24/26 MP: 4/6
  1449 | D:2      | Reached XP level 4. HP: 26/32 MP: 0/7
  1454 | D:2      | Learned a level 4 spell: Olgreb's Toxic Radiance
  1907 | D:3      | Reached skill level 5 in Poison Magic
  2127 | D:3      | Noticed an ogre
  2158 | D:3      | Killed an ogre
  2159 | D:3      | Gained mutation: You have a somewhat thin skeletal
                  | structure. (Dex +2, Stealth+) [demonic ancestry]
  2159 | D:3      | Reached XP level 5. HP: 37/37 MP: 5/9
  2474 | D:3      | Found a hazy altar of Hepliaklqana.
  2752 | D:4      | Noticed an ogre
  3058 | D:3      | Found a basalt altar of Yredelemnul.
  3149 | D:4      | Noticed Eustachio
  3160 | D:4      | Killed Eustachio
  3161 | D:4      | Gained mutation: You have a moderately thin skeletal
                  | structure. (Dex +4, Stealth++) [demonic ancestry]
  3161 | D:4      | Reached XP level 6. HP: 43/43 MP: 1/12
  3252 | D:4      | Noticed Sigmund
  3257 | D:4      | Killed Sigmund
  3258 | D:4      | Reached skill level 5 in Spellcasting
  3258 | D:4      | Reached XP level 7. HP: 44/48 MP: 2/15
  3672 | D:4      | Noticed Menkaure
  3716 | D:4      | Killed Menkaure
  4035 | D:4      | Learned a level 5 spell: Irradiate
  4276 | D:5      | Entered Level 5 of the Dungeon
  4284 | D:5      | Reached skill level 1 in Conjurations
  4473 | D:5      | Gained mutation: You have very sharp fingernails. [demonic
                  | ancestry]
  4473 | D:5      | Reached XP level 8. HP: 54/54 MP: 0/18
  4513 | D:5      | Reached skill level 2 in Conjurations
  5046 | D:5      | Reached skill level 3 in Conjurations
  5508 | D:6      | Reached skill level 4 in Conjurations
  5846 | D:6      | Found a stormy altar of Qazlal.
  6111 | D:6      | Found a staircase to the Ecumenical Temple.
  6138 | Temple   | Entered the Ecumenical Temple
  6299 | D:6      | Reached skill level 5 in Conjurations
  6868 | D:7      | Gained mutation: You sometimes gain power by taking damage.
                  | [demonic ancestry]
  6868 | D:7      | Reached XP level 9. HP: 42/59 MP: 9/21
  6991 | D:7      | Noticed a skeletal warrior
  7094 | D:7      | Noticed a boulder beetle
  7113 | D:7      | Killed a boulder beetle
  7114 | D:7      | Reached skill level 6 in Conjurations
  7183 | D:7      | Reached skill level 7 in Conjurations
  7413 | D:7      | Killed a skeletal warrior
  7414 | D:7      | Reached skill level 10 in Spellcasting
  7469 | D:7      | Reached skill level 8 in Conjurations
  7774 | D:7      | Gained mutation: You are powered by pain. [demonic
                  | ancestry]
  7774 | D:7      | Reached XP level 10. HP: 65/65 MP: 11/24
  8406 | D:8      | Noticed Maurice
  8434 | D:8      | Killed Maurice
  8560 | D:8      | Identified the +0 scale mail of Tulips {rElec rC+}
  8860 | D:9      | Reached skill level 9 in Conjurations
  8937 | D:9      | Learned a level 6 spell: Plasma Beam
  8990 | D:9      | Noticed Kave's ghost (novice TrSh)
  8991 | D:9      | Found a runed translucent gate.
  8992 | D:9      | Found a runed translucent gate.
  8994 | D:9      | Found a runed translucent gate.
  9134 | D:9      | Noticed a cyclops
  9138 | D:9      | Reached skill level 1 in Fire Magic
  9138 | D:9      | Reached skill level 1 in Air Magic
  9150 | D:9      | Killed a cyclops
  9362 | D:9      | Found an opulent altar of Gozag.
  9369 | D:9      | Became a worshipper of Gozag Ym Sagoz the Greedy
  9684 | D:10     | Entered Level 10 of the Dungeon
  9684 | D:10     | Found a staircase to the Lair.
  9684 | D:10     | Found a hide-covered altar of Uskayaw.
  9709 | D:10     | Noticed a two-headed ogre
  9725 | D:10     | Noticed Fannar
  9734 | D:10     | Killed a two-headed ogre
  9739 | D:10     | Killed Fannar
  9740 | D:10     | Reached XP level 11. HP: 34/70 MP: 16/25
  9904 | D:10     | Noticed Urug
  9926 | D:10     | Killed Urug
  9927 | D:10     | Reached skill level 5 in Fire Magic
  9927 | D:10     | Reached skill level 5 in Air Magic
 10067 | D:10     | Found a large runed translucent door.
 10067 | D:10     | Found a large runed translucent door.
 10086 | D:10     | Found a sacrificial altar of Ru.
 10192 | D:10     | Noticed a two-headed ogre
 10202 | D:10     | Killed a two-headed ogre
 10402 | D:10     | Noticed a two-headed ogre
 10420 | D:10     | Killed a two-headed ogre
 11056 | D:11     | Noticed a two-headed ogre
 11058 | D:11     | Noticed a seven-headed hydra
 11198 | D:10     | Learned a level 6 spell: Starburst
 11622 | D:11     | Noticed a boulder beetle
 11630 | D:11     | Killed a boulder beetle
 11718 | D:11     | Noticed a boulder beetle
 12005 | D:11     | Killed a boulder beetle
 12203 | D:11     | Killed a two-headed ogre
 12336 | D:11     | Killed a seven-headed hydra
 12440 | D:11     | Reached skill level 10 in Conjurations
 12695 | D:11     | Gained mutation: A meltable shield of frost defends you.
                  | (SH +0) [demonic ancestry]
 12695 | D:11     | Reached XP level 12. HP: 76/76 MP: 12/26
 12996 | D:11     | Found a staircase to the Orcish Mines.
 13070 | Orc:1    | Entered Level 1 of the Orcish Mines
 13242 | Orc:1    | Noticed Jorgrun
 13254 | Orc:1    | Killed Jorgrun
 13544 | Orc:2    | Entered Level 2 of the Orcish Mines
 13544 | Orc:2    | Noticed a two-headed ogre
 13872 | Orc:2    | Reached skill level 10 in Air Magic
 14111 | Orc:2    | Killed a two-headed ogre
 14290 | Orc:1    | Noticed Erica
 14301 | Orc:1    | Killed Erica
 14302 | Orc:1    | Reached skill level 11 in Conjurations
 14963 | Orc:2    | Found Peckeutt's Distillery.
 15421 | Orc:2    | Found Laz Ecw's General Store.
 15809 | Orc:2    | Bought a scroll of identify for 32 gold pieces
 15813 | Orc:2    | Bought a potion of brilliance for 48 gold pieces
 15813 | Orc:2    | Bought a potion of haste for 120 gold pieces
 15813 | Orc:2    | Bought 2 potions of haste for 240 gold pieces
 15813 | Orc:2    | Bought a potion of magic for 96 gold pieces
 15813 | Orc:2    | Bought a potion of cancellation for 96 gold pieces
 15813 | Orc:2    | Bought a potion of brilliance for 48 gold pieces
 16074 | Orc:2    | Noticed an orc high priest
 16079 | Orc:2    | Killed an orc high priest
 16084 | Orc:2    | Noticed an orc high priest
 16101 | Orc:2    | Killed an orc high priest
 16249 | Orc:2    | Reached skill level 12 in Conjurations
 16249 | Orc:2    | Gained mutation: Your magical and physical power is
                  | slightly enhanced at high health. [demonic ancestry]
 16249 | Orc:2    | Reached XP level 13. HP: 62/81 MP: 0/27
 16649 | Orc:2    | Found a staircase to the Elven Halls.
 17002 | Orc:2    | Noticed an orc warlord
 17011 | Orc:2    | Killed an orc warlord
 17020 | Orc:2    | Noticed an orc warlord
 17567 | Orc:2    | Killed an orc warlord
 17851 | Orc:2    | Noticed an orc warlord
 17999 | Orc:2    | Killed an orc warlord
 18090 | Orc:2    | Noticed an orc warlord
 18257 | Orc:2    | Killed an orc warlord
 18258 | Orc:2    | Reached skill level 13 in Conjurations
 18763 | Orc:2    | Identified the staff of Lalacar {rElec Will- Conj Hexes
                  | Necro}
 19178 | Orc:2    | Found Gaintip's Book Boutique.
 19178 | Orc:2    | Found Keyrghet's Antique Armour Shop.
 19325 | Orc:2    | Found a one-way gate leading to the halls of Pandemonium.
 19331 | Orc:2    | Bought an Everburning Encyclopedia for 432 gold pieces
 19335 | Orc:2    | Learned a level 3 spell: Ignite Poison
 19339 | Orc:2    | Bought a glowing hat for 231 gold pieces
 19340 | Orc:2    | Bought an encrusted leather armour for 231 gold pieces
 19340 | Orc:2    | Identified the +0 leather armour of Uskayaw's Supremacy
                  | {rCorr} (You bought it in a shop on level 2 of the Orcish
                  | Mines)
 19461 | Lair:1   | Entered Level 1 of the Lair of Beasts
 20472 | Lair:2   | Reached skill level 14 in Conjurations
 21054 | Lair:2   | Found a staircase to the Snake Pit.
 21634 | Lair:3   | Gained mutation: You have claws for hands. [demonic
                  | ancestry]
 21634 | Lair:3   | Reached XP level 14. HP: 88/88 MP: 12/28
 21859 | D:11     | Bought the ring "Jitullij" {rF+ rN+ Dex+4} for 636 gold
                  | pieces
 23767 | Lair:3   | Found a staircase to the Swamp.
 24183 | Lair:3   | Identified the +0 robe of Syndicalism {+Blink Dex+3}
 25318 | Lair:5   | Entered Level 5 of the Lair of Beasts
 25336 | Lair:5   | Reached skill level 15 in Conjurations
 26638 | Lair:5   | Found a viscous altar of Jiyva.
 26638 | Lair:5   | Found a staircase to the Slime Pits.
 27806 | Lair:5   | Reached skill level 15 in Air Magic
 28291 | Lair:5   | Identified the +2 war axe of the Nice God {antimagic, rPois
                  | Int+5 Dex+3}
 28319 | Lair:5   | Reached skill level 16 in Conjurations
 28605 | Lair:5   | Reached XP level 15. HP: 82/93 MP: 6/29
 29417 | Lair:5   | Identified the +2 spear of Patience {venom, Str+4}
 30187 | D:12     | Bought Naenare's Papyrus of Thunder for 840 gold pieces
 30306 | D:11     | Learned a level 9 spell: Chain Lightning
 33463 | D:13     | Found a runed translucent gate.
 33464 | D:13     | Found a runed translucent gate.
 33465 | D:13     | Noticed Ehoukk's ghost (journeyman DjFE)
 33465 | D:13     | Found a runed translucent gate.
 33496 | D:13     | Killed Ehoukk's ghost
 33497 | D:13     | Reached skill level 17 in Conjurations
 33800 | D:13     | Found a gate to the Vaults.
 33955 | D:13     | Reached skill level 5 in Fighting
 35314 | D:11     | Bought a ring of poison resistance for 300 gold pieces
 35318 | D:11     | Bought the ring of the Queen {*Slow rPois rF+ Int+7 Stlth+}
                  | for 721 gold pieces
 35394 | Snake:1  | Entered Level 1 of the Snake Pit
 35541 | Lair:2   | Reached skill level 1 in Armour
 36512 | Snake:1  | Reached XP level 16. HP: 109/109 MP: 15/31
 37744 | Snake:2  | Noticed Agnes
 38840 | Snake:2  | Killed Agnes
 40351 | Snake:3  | Identified the "Nucsoxou"
 42635 | Snake:3  | Found Nocayz's Self-Improvement Boutique.
 42823 | Snake:3  | Reached skill level 15 in Spellcasting
 43733 | Snake:4  | Entered Level 4 of the Snake Pit
 44052 | Snake:4  | Gained mutation: A meltable icy envelope protects you from
                  | harm. (AC +0) [demonic ancestry]
 44052 | Snake:4  | Reached XP level 17. HP: 115/115 MP: 9/36
 45636 | Snake:4  | Reached skill level 18 in Conjurations
 47704 | Snake:4  | Got a serpentine rune of Zot
 48401 | Swamp:1  | Entered Level 1 of the Swamp
 48552 | Swamp:1  | Noticed Frances
 48553 | Swamp:1  | Gained mutation: Armour fits poorly on your strangely
                  | shaped body. [mutagenic glow]
 49194 | Swamp:1  | Killed Frances
 49434 | Swamp:1  | Bought the ring "Kolu" {+Blink rN+ Str+3 Int+6} for 968
                  | gold pieces
 50074 | Swamp:2  | Reached skill level 19 in Conjurations
 51060 | Swamp:2  | Reached XP level 18. HP: 105/121 MP: 20/37
 51137 | Swamp:3  | Noticed Mlioglotl
 51148 | Swamp:2  | Killed Mlioglotl
 52400 | Swamp:4  | Entered Level 4 of the Swamp
 53701 | Swamp:4  | Reached skill level 20 in Conjurations
 54899 | Swamp:4  | Got a decaying rune of Zot
 55158 | Vaults:5 | Identified the of Tiuxzo
 55158 | Vaults:5 | Identified the "Wyshrozuo"
 55158 | Crypt:2  | Identified the "Otil Bost"
 55158 | Crypt:3  | Identified the "Buohunkeig"
 55158 | Crypt:3  | Identified the of Cocva
 55158 | Elf:1    | Identified the of Rohalow
 55158 | Elf:1    | Entered Level 1 of the Elven Halls
 56583 | Elf:1    | Bought a pair of buzzing boots for 399 gold pieces
 56583 | Elf:1    | Identified the +1 pair of boots of Refuge {rN+ Dex+2} (You
                  | bought it in a shop on level 1 of the Elven Halls)
 56607 | Elf:1    | Reached XP level 19. HP: 126/126 MP: 15/38
 58051 | Elf:2    | Reached skill level 21 in Conjurations
 58310 | Elf:2    | Found a runed translucent gate.
 58310 | Elf:2    | Found a runed translucent gate.
 58310 | Elf:2    | Found a runed translucent gate.
 58567 | Elf:2    | Found Kozesan's Weapon Shop.
 58589 | Elf:2    | Noticed Shifty's ghost (adept VSFi)
 58749 | Elf:2    | Found a huge runed translucent gate.
 58749 | Elf:2    | Found a huge runed translucent gate.
 58749 | Elf:2    | Found a huge runed translucent gate.
 58749 | Elf:2    | Found a huge runed translucent gate.
 58750 | Elf:2    | Found a huge runed translucent gate.
 58929 | Elf:3    | Identified the of Ewotoymu
 58929 | Elf:3    | Identified the "Taigefic"
 58929 | Elf:3    | Entered Level 3 of the Elven Halls
 59157 | Elf:3    | Paralysed by an air elemental for 1 turns
 60213 | Elf:3    | Identified the +10 rapier of Rualitaf {heavy, rF+ rN+
                  | Will+}
 60263 | Elf:3    | Identified the amulet of Kinoez {Acrobat Will+ Int+2 Dex+3}
 60502 | Elf:3    | Identified the +1 morningstar of Qupnaaro {elec, *Rage
                  | +Blink rF+ Dex+8}
 61111 | Elf:3    | Found Otuxt's Antique Armour Shop.
 61470 | Elf:3    | Identified the +2 pair of gloves of the Realm of Zot {rElec
                  | Will+ Str+2}
 61508 | Elf:3    | Identified the staff of the Salmon {rC+ Int+2 Dex+3 Ice}
 61518 | Elf:3    | Identified the +2 falchion "Helu Oxzast" {venom, *Noise
                  | rC+++ Str-2 Dex+6}
 61785 | Vaults:1 | Entered Level 1 of the Vaults
 62195 | Vaults:1 | Noticed Saint Roka
 62282 | Vaults:1 | Killed Saint Roka
 62405 | Vaults:1 | Reached XP level 20. HP: 133/133 MP: 16/41
 63194 | Vaults:1 | Found Juikkakk's Book Shoppe.
 63408 | Vaults:2 | Bought a spiked leather armour for 217 gold pieces
 63408 | Vaults:2 | Identified the +2 leather armour of Hyseq {rC+ Str+3} (You
                  | bought it in a shop on level 2 of the Vaults)
 64869 | Vaults:3 | Noticed an ancient lich
 64871 | Vaults:3 | Found a runed translucent gate.
 64873 | Vaults:3 | Found a runed translucent gate.
 64873 | Vaults:3 | Found an ancient bone altar of Kikubaaqudgha.
 64873 | Vaults:3 | Noticed Kauz's ghost (adept HOBr)
 64873 | Vaults:3 | Noticed Jachav's ghost (veteran DECj)
 64874 | Vaults:3 | Found a runed translucent gate.
 64874 | Vaults:3 | Noticed Feqol's ghost (veteran DsFi)
 64888 | Vaults:3 | Killed Feqol's ghost
 64888 | Vaults:3 | Killed Jachav's ghost
 64891 | Vaults:3 | Killed an ancient lich
 64891 | Vaults:3 | Killed Kauz's ghost
 65054 | Vaults:3 | Identified the +1 hat of Hospitality {rC+ Str+3 Stlth+}
 65069 | Vaults:3 | Identified the ring "Tecadgh" {Will- MP+9 Int+6 Dex-3 SInv}
 65550 | Vaults:3 | Found Agono's Assorted Antiques.
 65588 | Vaults:3 | Bought a potion of heal wounds for 130 gold pieces
 66050 | Vaults:3 | Reached XP level 21. HP: 124/138 MP: 9/45
 66484 | Vaults:3 | Noticed Asterion
 66487 | Vaults:3 | Killed Asterion
 67226 | Vaults:3 | Found a staircase to the Crypt.
 68212 | Vaults:4 | Reached skill level 22 in Conjurations
 69189 | Vaults:4 | Identified the +1 leather armour of Paciw {+Blink Dex+2}
 69474 | Slime:1  | Entered Level 1 of the Pits of Slime
 70267 | Slime:3  | Reached XP level 22. HP: 144/144 MP: 28/46
 70774 | Slime:5  | Entered Level 5 of the Pits of Slime
 70919 | Slime:5  | Gained mutation: Your magical capacity is low. (-10% MP) [a
                  | shining eye]
 70987 | Slime:5  | Reached skill level 23 in Conjurations
 71250 | Slime:5  | Noticed the Royal Jelly
 71254 | Slime:5  | Killed the Royal Jelly
 71883 | Slime:5  | Identified the ring "Serref" {Int+6 Slay+5}
 71891 | Slime:5  | Found the +3 salamander hide armour {Flames, rFlCloud rF++
                  | rC--}
 71892 | Slime:5  | Identified the ring "Sobif" {rC+ Will+ Dex+3}
 71942 | Slime:5  | Got a slimy rune of Zot
 72328 | Vaults:5 | Entered Level 5 of the Vaults
 72334 | Vaults:5 | Noticed a golden dragon
 72514 | Vaults:5 | Killed a golden dragon
 72524 | Vaults:5 | Noticed a golden dragon
 72660 | Vaults:5 | Reached skill level 24 in Conjurations
 72737 | Vaults:5 | Identified the +6 shortbow "Horeiqy" {drain, rF+}
 73064 | Vaults:5 | Gained mutation: You have an unnaturally thin skeletal
                  | structure. (Dex +6, Stealth+++) [demonic ancestry]
 73064 | Vaults:5 | Reached XP level 23. HP: 103/150 MP: 17/42
 73139 | Vaults:5 | HP: 5/150 [fire giant/bolt of fire (18)]
 73140 | Vaults:5 | HP: 1/150 [golden dragon (12)]
 73142 | Vaults:5 | Demolished by a golden dragon

Illustrated notes

Levels and vault maps discovered:
D:1:      psy_arrival_conway, layout_loops_ring
D:2:      layout_loops_ring, basic_altar
D:3:      minmay_thinvault, layout_basic, nicolae_hepliaklqana_hazy_memory,
          yredelemnul_forgotten_temple_becter, kennysheep_vampire_church,
          lemuel_round_altar, basic_ecumenical_altar, serial_rivers,
          chequers_serial_rivers_small_a, chequers_serial_rivers_micro_d,
          chequers_serial_rivers_large_a, chequers_serial_rivers_small_b,
          chequers_serial_rivers_small_b, chequers_serial_rivers_small_b
D:4:      layout_basic, minmay_box_of_dots, uniq_menkaure, uniq_sigmund,
          uniq_eustachio
D:5:      layout_rooms, good_gods_temple_1
D:6:      layout_basic, nicolae_qazlal_general_emergency,
          minmay_temple_entry_slanted
D:7:      layout_gridville, kb_rosetta, uniq_jeremiah
D:8:      layout_cave_pools, uniq_maurice
D:9:      layout_rooms, lemuel_round_altar, ebering_ghost_rock_garden,
          chequers_serial_rivers_small_a, lightli_fourway_metalbox
D:10:     layout_basic, amcnicky_altar_gilded, jmf_multi_god_temple2,
          mainiacjoe_overflow_surrounded_room, uniq_urug, uniq_fannar
D:11:     layout_rooms, hiddenorc1_lemuel, minmay_fractal_squares_5
D:12:     minmay_the_grid_4x2 [minmay_the_grid_minigrid_medium,
          minmay_the_grid_dragon_b, minmay_the_grid_tiny_cups,
          minmay_the_grid_diamond_grid, minmay_the_grid_embedded,
          minmay_the_grid_pillar_ring, minmay_the_grid_slots,
          minmay_the_grid_prize_inner_circle], layout_basic,
          minmay_variable_closet
D:13:     layout_cave_pods, erik_vaults_1, gammafunk_ghost_nasty_kobolds
D:14:     layout_cross, evilmike_ruin_ashenzari, fedhas_altar_2, uniq_louise
Temple:   dpeg_three_leaves_temple
Lair:1:   layout_cave_pods
Lair:2:   layout_regular_city, guppyfry_snake_entry_island
Lair:3:   pond_and_an_island_with_a_cottage, layout_hall_layers,
          nicolae_swamp_entry_splash_gauntlet, kennysheep_abandoned_house,
          serial_bayou_shore_b
Lair:4:   layout_cave_pods
Lair:5:   minmay_lair_end_frog_pond, layout_long_grid,
          nicolae_slime_entry_slimehenge, infiniplex_staircase_pool
Swamp:1:  layout_basic_swamp, evilmike_swamp_ruin_wall, uniq_frances
Swamp:2:  layout_basic_swamp, evilmike_swamp_ruin_house_5, swamp_pool3
Swamp:3:  layout_basic_swamp, evilmike_swamp_ruin_house_1,
          infiniplex_staircase_pool_2, uniq_mlioglotl
Swamp:4:  swamp_basic_johnstein, layout_basic_swamp
Snake:1:  layout_chambers, nicolae_snake_salamander_stairs
Snake:2:  layout_misc_corridors, nicolae_snake_linked_coils, uniq_agnes
Snake:3:  minmay_snake_river, layout_layer_cave, serial_bayou_pond_b,
          nicolae_shop_self_help
Snake:4:  snake_pit, layout_cave_town, nicolae_snake_gridmaze_zigzag
Slime:1:  layout_caves, cheibrodos_slime_lost_civilization_4
Slime:2:  layout_caves
Slime:3:  cheibrodos_slime_lost_civilization_8, layout_caves
Slime:4:  layout_caves
Slime:5:  slime_pit_nicolae_royal_road_to_ruin
Orc:1:    layout_caves, uniq_erica, uniq_jorgrun
Orc:2:    pf_orc_diabolical, layout_caves, minmay_orc_treasury
Elf:1:    eino_elf_arrival_shootout, layout_loops_corners,
          minmay_elf_demonology, nicolae_elf_blasts_and_bolts
Elf:2:    elven_hall_of_blades_hangedman_alternative
          [infiniplex_blade_entry_pillars], layout_rooms, serial_shops,
          nicolae_shop_bloodbath_and_beyond, gammafunk_ghost_ooze
Elf:3:    minmay_elf_hall_quartered_circle, layout_rooms, serial_shops,
          nicolae_shop_peninsula
Vaults:1: vaults_mumra_lcd, grunt_vaults_bifocal, nicolae_vaults_back_hallway,
          nicolae_vaults_network_star, v_misc_10,
          nicolae_vaults_door_testing_chamber, nicolae_vaults_surprise_closet,
          nicolae_vaults_apartment_1, nicolae_vaults_trapezoid_2,
          layout_vaults_omnicross, serial_shops, nicolae_shop_real_fake_doors,
          uniq_saint_roka
Vaults:2: hangedman_vaults_slither, hangedman_vaults_cutoff,
          nicolae_vaults_cochlea, v_pattern_2,
          nicolae_vaults_diagonal_hallway_7, vaults_dpeg_diagonal,
          layout_vaults_chaotic_city
Vaults:3: gammafunk_ghost_crypt, ontoclasm_vaults_shout,
          nicolae_vaults_turnstiles, blue_anna_dwarven_crypt,
          vaults_mumra_hexcomb, v_alt_pattern_3, hangedman_vaults_hat,
          hangedman_vaults_nails, nicolae_vaults_two_Ls,
          hangedman_vaults_stagger, v_alt_pattern_1, layout_vaults_omnigrid,
          serial_shops, shop, uniq_asterion
Vaults:4: vaults_room_door_hall, vaults_mumra_minichess_inversion,
          v_alt_pattern_3, v_misc_22, nicolae_vaults_good_morning_starshine,
          v_pattern_3, nicolae_vaults_circle_grid_a,
          nicolae_vaults_ninety_degrees, v_misc_4, nicolae_vaults_trapezoid_4,
          nicolae_vaults_surprise_closet, nicolae_vaults_trapezoid_lopsided_4,
          nicolae_vaults_double_plus_2, layout_vaults_maze
Vaults:5

Skill      XL: |  1  2  3  4  5  6  7  8  9 10 11 12 13 14 15 16 17 18 19 20 21 22 |
---------------+-------------------------------------------------------------------+-----
Fighting       | 1 5 |  5.0
Poison Magic   | 4 5 |  5.5
Spellcasting   | 3 4 5 7 8 10 11 15 17 20 | 20.7
Conjurations   | 1 5 8 9 10 12 14 16 17 19 20 21 22 24 | 24.2
Fire Magic     | 4 6 |  6.0
Air Magic      | 4 8 11 13 15 16 18 19 20 21 22 | 22.8
Armour         | 3 4 |  4.0
Dodging        | |  1.7
Stealth        | |  1.7
Transmutations | |  0.8

Action                     |  1- 3 |  4- 6 |  7- 9 | 10-12 | 13-15 | 16-18 | 19-21 | 22-24 || total
---------------------------+-------+-------+-------+-------+-------+-------+-------+-------++-------
  Melee: Unarmed           |    37 |     7 |       |       |       |       |       |       ||    44
         Staff             |       |     3 |    34 |    60 |    47 |    30 |     2 |       ||   176
         Punch             |       |       |       |     1 |       |     1 |       |       ||     2
   Cast: Sting             |    60 |    40 |    65 |    18 |     6 |       |       |       ||   189
         Olgreb's Toxic Ra |       |    13 |    80 |   211 |   186 |    36 |     1 |       ||   527
         Irradiate         |       |       |     8 |    45 |    46 |    61 |    21 |       ||   181
         Plasma Beam       |       |       |       |    10 |   277 |   493 |   482 |     2 ||  1264
         Starburst         |       |       |       |     6 |     3 |       |       |       ||     9
         Ignite Poison     |       |       |       |       |    42 |     4 |       |       ||    46
         Chain Lightning   |       |       |       |       |       |       |    50 |   136 ||   186
 Invoke: Call Merchant     |       |       |       |     1 |     3 |     2 |     2 |       ||     8
         Potion Petition   |       |       |       |       |       |     2 |       |    10 ||    12
  Evoke: Wand              |       |     1 |    29 |    12 |    17 |     7 |     4 |       ||    70
         Tin of tremorston |       |       |       |       |       |     2 |       |       ||     2
         Phantom mirror    |       |       |       |       |       |       |       |     1 ||     1
    Use: Potion            |       |     1 |     2 |     1 |     8 |     3 |     4 |    25 ||    44
         Scroll            |       |       |    18 |     8 |    13 |    13 |     1 |    10 ||    63
   Stab: Distracted        |       |       |       |     1 |       |       |       |       ||     1
 Armour: Robe              |    41 |    16 |    89 |   124 |   129 |       |   129 |    75 ||   603
         Troll leather arm |       |       |       |       |    75 |   272 |       |       ||   347
  Dodge: Dodged            |    42 |    18 |    69 |    84 |   120 |   135 |    48 |    12 ||   528
  Block: Other             |       |       |       |    14 |    36 |    36 |    14 |     6 ||   106

Table legend: (Time is in decaauts)
 A = Elapsed time spent in this place.
 B = Non-inter-level travel time spent in this place.
 C = Inter-level travel time spent in this place.
 D = Time resting spent in this place.
 E = Time spent auto-exploring this place.
 F = Levels seen in this place.
 G = Mean time per level.
                   A        B        C        D        E       F      G
               +--------+--------+--------+--------+--------+-----+--------+
         Total |  73536 |  69572 |   3964 |  13282 |  47673 |  43 | 1710.1 |
       Dungeon |  18898 |  17604 |   1294 |   2717 |  12560 |  14 | 1349.9 |
        Temple |      1 |      1 |      0 |      0 |      0 |   1 |    1.0 |
          Lair |  11648 |  10930 |    718 |   1989 |   7666 |   5 | 2329.6 |
         Swamp |   6800 |   6506 |    294 |   1631 |   4269 |   4 | 1700.0 |
     Snake Pit |  12553 |  12075 |    478 |   3713 |   7230 |   4 | 3138.2 |
    Slime Pits |   2436 |   2242 |    194 |    520 |   1393 |   5 |  487.2 |
  Orcish Mines |   6352 |   6087 |    265 |    536 |   4524 |   2 | 3176.0 |
   Elven Halls |   6522 |   6214 |    308 |   1589 |   3912 |   3 | 2174.0 |
        Vaults |   8322 |   7911 |    411 |    584 |   6117 |   5 | 1664.4 |
               +--------+--------+--------+--------+--------+-----+--------+

Top non-repeatable levels by time:
   Orc:2: 5265 daAuts
  Lair:5: 4941 daAuts
 Snake:3: 4392 daAuts
 Snake:1: 3343 daAuts
   Elf:1: 2901 daAuts
    D:11: 2748 daAuts
 Snake:4: 2737 daAuts
Vaults:3: 2519 daAuts
    D:10: 2453 daAuts
  Lair:2: 2397 daAuts
   Elf:2: 2211 daAuts
    D:12: 2192 daAuts
 Swamp:2: 2099 daAuts
 Snake:2: 2080 daAuts
  Lair:3: 2018 daAuts
